| TOP OF THE 1ST |
|
Milwaukee Brewers batting - Pitching for New York Mets : RHP Andy Reinhardt
|
|
Pitching: RHP Andy Reinhardt
|
|
|
Batting: RHB Akitada Nishizawa
|
0-0: Ball 1-0: Ball 2-0: Foul Ball, location: 2F 2-1: Foul Ball, location: 2F 2-2: Ball 3-2: Ground out 6-3 (Groundball, 6, EV 88.1 MPH)
|
|
Batting: LHB Alfredo de la Cruz
|
0-0: Ball 1-0: Ground out 4-3 (Groundball, 4S, EV 79.4 MPH)
|
|
Batting: SHB Lewis Thorpe Jr.
|
0-0: Called Strike 0-1: Foul Ball, location: 2F 0-2: Ball 1-2: Foul Ball, location: 2F 1-2: DOUBLE (Groundball, 5L, EV 105.6 MPH)
|
|
Batting: RHB Joel Haycock
|
0-0: Called Strike 0-1: Called Strike 0-2: Strikes out swinging
|
| Top of the 1st over - 0 runs, 1 hit, 0 errors, 1 left on base; Milwaukee 0 - New York 0 |
| BOTTOM OF THE 1ST |
|
New York Mets batting - Pitching for Milwaukee Brewers : RHP Victor Munoz
|
|
Pitching: RHP Victor Munoz
|
|
|
Batting: RHB Finn Ross
|
0-0: Ground out 5-3 (Groundball, 5, EV 102.5 MPH)
|
|
Batting: RHB Josh Jones
|
0-0: Ball 1-0: Called Strike 1-1: Ball 2-1: Ball 3-1: Ground out 4-3 (Groundball, 4, EV 77.5 MPH)
|
|
Batting: SHB Sean Cook
|
0-0: Fly out, F7 (Flyball, 78S, EV 91.9 MPH)
|
| Bottom of the 1st over - 0 runs, 0 hits, 0 errors, 0 left on base; Milwaukee 0 - New York 0 |
| TOP OF THE 2ND |
|
Milwaukee Brewers batting - Pitching for New York Mets : RHP Andy Reinhardt
|
|
Batting: SHB Junzo Kato
|
0-0: Ball 1-0: Fly out, F4 (Popup, 4M, EV 51.2 MPH)
|
|
Batting: RHB Dave Gonzalez
|
0-0: Swinging Strike 0-1: Called Strike 0-2: Ground out 6-3 (Groundball, 6, EV 97.5 MPH)
|
|
Batting: RHB Kisho Ito
|
0-0: Fly out, F9 (Flyball, 9D, EV 105.6 MPH)
|
| Top of the 2nd over - 0 runs, 0 hits, 0 errors, 0 left on base; Milwaukee 0 - New York 0 |
| BOTTOM OF THE 2ND |
|
New York Mets batting - Pitching for Milwaukee Brewers : RHP Victor Munoz
|
|
Batting: RHB Jeff Jank
|
0-0: Ground out U3 (Groundball, 3, EV 81.9 MPH)
|
|
Batting: SHB Nelle van den Berg
|
0-0: Called Strike 0-1: Ball 1-1: Ball 2-1: Ground out 6-3 (Groundball, 6, EV 76.2 MPH)
|
|
Batting: RHB Drtian Thaqi
|
0-0: Called Strike 0-1: Called Strike 0-2: Ball 1-2: Ball 2-2: SINGLE (Line Drive, 34D, EV 106.2 MPH)
|
|
Batting: SHB Billy Encinias
|
0-0: Ball 1-0: Foul Ball, location: 2F 1-1: Called Strike 1-2: Ball 2-2: Foul Ball, location: 2F 2-2: Ball 3-2: Foul Ball, location: 2F 3-2: Base on Balls Drtian Thaqi to second
|
|
Batting: SHB Luke Robbins
|
0-0: Ball 1-0: Ball 2-0: Ball 3-0: Called Strike 3-1: Foul Ball, location: 2F 3-2: Base on Balls Drtian Thaqi to third Billy Encinias to second
|
|
Batting: RHB Antonio Aranda
|
0-0: Called Strike 0-1: Ball 1-1: Called Strike 1-2: Ball 2-2: Ball 3-2: Base on Balls Drtian Thaqi scores Billy Encinias to third Luke Robbins to second
|
|
Batting: RHB Finn Ross
|
0-0: Ball 1-0: Called Strike 1-1: Ball 2-1: Swinging Strike 2-2: Strikes out looking
|
| Bottom of the 2nd over - 1 run, 1 hit, 0 errors, 3 left on base; Milwaukee 0 - New York 1 |
| TOP OF THE 3RD |
|
Milwaukee Brewers batting - Pitching for New York Mets : RHP Andy Reinhardt
|
|
Batting: RHB Ben Campbell
|
0-0: Ball 1-0: Called Strike 1-1: Foul Ball, location: 2F 1-2: Ball 2-2: Strikes out looking
|
|
Batting: RHB Dan Allred
|
0-0: Ball 1-0: Ball 2-0: Ball 3-0: Called Strike 3-1: Foul Ball, location: 2F 3-2: Foul Ball, location: 2F 3-2: Foul Ball, location: 2F 3-2: Foul Ball, location: 2F 3-2: Ground out 3-1 (Groundball, 34S, EV 85.0 MPH)
|
|
Batting: RHB Akitada Nishizawa
|
0-0: Called Strike 0-1: Called Strike 0-2: Ball 1-2: Ball 2-2: Strikes out swinging
|
| Top of the 3rd over - 0 runs, 0 hits, 0 errors, 0 left on base; Milwaukee 0 - New York 1 |
| BOTTOM OF THE 3RD |
|
New York Mets batting - Pitching for Milwaukee Brewers : RHP Victor Munoz
|
|
Batting: RHB Josh Jones
|
0-0: Called Strike 0-1: Ground out 6-3 (Groundball, 6S, EV 80.6 MPH)
|
|
Batting: SHB Sean Cook
|
0-0: Swinging Strike 0-1: Swinging Strike 0-2: Ball 1-2: Ball 2-2: Ball 3-2: Ground out 4-3 (Groundball, 34, EV 105.6 MPH)
|
|
Batting: RHB Jeff Jank
|
0-0: Called Strike 0-1: Ball 1-1: Ball 2-1: Ball 3-1: Called Strike 3-2: Base on Balls
|
|
Batting: SHB Nelle van den Berg
|
0-0: Foul Ball, location: 2F 0-1: Ball 1-1: Foul Ball, location: 2F 1-2: Ball 2-2: Foul Ball, location: 2F 2-2: Foul Ball, location: 2F 2-2: Foul Ball, location: 2F 2-2: Ground out 4-3 (Groundball, 4S, EV 79.4 MPH)
|
| Bottom of the 3rd over - 0 runs, 0 hits, 0 errors, 1 left on base; Milwaukee 0 - New York 1 |
| TOP OF THE 4TH |
|
Milwaukee Brewers batting - Pitching for New York Mets : RHP Andy Reinhardt
|
|
Batting: LHB Alfredo de la Cruz
|
0-0: Fly out, F7 (Flyball, 7D, EV 102.5 MPH)
|
|
Batting: SHB Lewis Thorpe Jr.
|
0-0: Foul Ball, location: 2F 0-1: Ball 1-1: Ball 2-1: Ball 3-1: Base on Balls
|
|
Batting: RHB Joel Haycock
|
0-0: Called Strike Lewis Thorpe Jr. steals 2nd base 0-1: Ball 1-1: Swinging Strike 1-2: Foul Ball, location: 2F 1-2: Ball 2-2: Ball 3-2: Foul Ball, location: 2F 3-2: Base on Balls
|
|
Batting: SHB Junzo Kato
|
0-0: Ball 1-0: Called Strike 1-1: Ball 2-1: Ball 3-1: SINGLE (Line Drive, 6MD, EV 99.4 MPH) Lewis Thorpe Jr. to third Joel Haycock to second Runner from 3rd tries for Home, throw by CF and OUT! 8-2
|
|
Batting: RHB Dave Gonzalez
|
0-0: Called Strike 0-1: Foul Ball, location: 2F 0-2: SINGLE (Line Drive, 5D, EV 108.1 MPH) Joel Haycock to third Junzo Kato to second
|
|
Batting: RHB Kisho Ito
|
0-0: Called Strike 0-1: Called Strike 0-2: Ball 1-2: Ball 2-2: Ball 3-2: Fly out, F8 (Flyball, 8LD, EV 90.0 MPH)
|
| Top of the 4th over - 0 runs, 2 hits, 0 errors, 3 left on base; Milwaukee 0 - New York 1 |
| BOTTOM OF THE 4TH |
|
New York Mets batting - Pitching for Milwaukee Brewers : RHP Victor Munoz
|
|
Pitching: LHP Danny Lawson
|
|
|
Batting: RHB Drtian Thaqi
|
0-0: Called Strike 0-1: Ball 1-1: Foul Ball, location: 2F 1-2: Ball 2-2: SINGLE (Line Drive, 6MD, EV 99.4 MPH)
|
|
Batting: SHB Billy Encinias
|
0-0: Ball 1-0: Called Strike 1-1: Hit by Pitch Drtian Thaqi to second
|
|
Batting: SHB Luke Robbins
|
0-0: Ball 1-0: Ball 2-0: Called Strike 2-1: SINGLE (Groundball, 34D, EV 101.2 MPH) (infield hit) Drtian Thaqi to third Billy Encinias to second
|
|
Batting: RHB Antonio Aranda
|
0-0: Called Strike 0-1: Called Strike 0-2: Ball 1-2: Fly out, F4 (Popup, 34, EV 60.6 MPH)
|
|
Batting: RHB Finn Ross
|
0-0: Ball 1-0: Ball 2-0: Fielders Choice at 2nd, 3-6 (Groundball, 34, EV 84.4 MPH) Drtian Thaqi scores Billy Encinias to third
|
|
Pinch Hitting: RHB Billy Walker
|
0-0: Swinging Strike 0-1: Foul Ball, location: 2F 0-2: Ball 1-2: Ground out 4-3 (Groundball, 34S, EV 81.9 MPH)
|
| Bottom of the 4th over - 1 run, 2 hits, 0 errors, 2 left on base; Milwaukee 0 - New York 2 |
| TOP OF THE 5TH |
|
Milwaukee Brewers batting - Pitching for New York Mets : RHP Andy Reinhardt
|
|
Now at 1B: Billy Walker
|
|
|
Batting: RHB Ben Campbell
|
0-0: Called Strike 0-1: SINGLE (Groundball, 4MD, EV 95.0 MPH)
|
|
Batting: RHB Dan Allred
|
0-0: Fly out, F7 (Flyball, 7D, EV 83.8 MPH)
|
|
Pinch Hitting: LHB Gabe Harvey
|
0-0: Ball 1-0: Grounds into double play, 4-6-3 (Groundball, 4, EV 80.0 MPH)
|
| Top of the 5th over - 0 runs, 1 hit, 0 errors, 0 left on base; Milwaukee 0 - New York 2 |
| BOTTOM OF THE 5TH |
|
New York Mets batting - Pitching for Milwaukee Brewers : LHP Danny Lawson
|
|
Pitching: RHP Brett Rosinsky
|
|
|
Now at 2B: Junzo Kato
|
|
|
Now at 3B: Adrian Rudkilde
|
|
|
Now in RF: Gabe Harvey
|
|
|
Pinch Hitting: LHB Chris Ringwood
|
0-0: Called Strike 0-1: Foul Ball, location: 2F 0-2: SINGLE (Line Drive, 6M, EV 102.5 MPH)
|
|
Batting: LHB Kevin Bellman
|
0-0: Ball 1-0: Called Strike Chris Ringwood steals 2nd base 1-1: Ball 2-1: Ball 3-1: Base on Balls
|
|
Pinch Hitting: SHB Jason Larson
|
0-0: Foul Ball, location: 2F 0-1: Ball 1-1: Fly out, F4 (Flyball, 4D, EV 88.1 MPH)
|
|
Pinch Hitting: SHB Roberto Magne
|
0-0: Called Strike 0-1: Foul Ball, location: 2F 0-2: Ball 1-2: SINGLE (Groundball, 3D, EV 100.0 MPH) Chris Ringwood to third Kevin Bellman to second Runner from 3rd tries for Home, SAFE, throw by RF to home
|
|
Batting: SHB Billy Encinias
|
0-0: SINGLE (Flyball, 5D, EV 94.4 MPH) Kevin Bellman to third Roberto Magne to second
|
|
Batting: SHB Luke Robbins
|
0-0: Ball 1-0: Ball 2-0: Ball 3-0: Base on Balls Kevin Bellman scores Roberto Magne to third Billy Encinias to second
|
|
Batting: RHB Antonio Aranda
|
0-0: Ball 1-0: Foul Ball, location: 2F 1-1: Ball 2-1: Ground out 5-3 (Groundball, 56S, EV 70.6 MPH) Roberto Magne scores Billy Encinias to third Luke Robbins to second
|
|
Pitching: RHP Jeff Swomley
|
|
|
Pinch Hitting: RHB Mike Phillips
|
0-0: Fly out, F7 (Line Drive, 7D, EV 100.0 MPH)
|
| Bottom of the 5th over - 3 runs, 3 hits, 0 errors, 2 left on base; Milwaukee 0 - New York 5 |
| TOP OF THE 6TH |
|
Milwaukee Brewers batting - Pitching for New York Mets : RHP Andy Reinhardt
|
|
Pitching: RHP Brian Wood
|
|
|
Now at C: Fabiano Perrolas
|
|
|
Now at 3B: Roberto Magne
|
|
|
Now at SS: Jason Larson
|
|
|
Now in LF: Chris Ringwood
|
|
|
Now in RF: Mike Phillips
|
|
|
Batting: LHB Alfredo de la Cruz
|
0-0: Called Strike 0-1: Ball 1-1: Foul Ball, location: 2F 1-2: Ground out 4-3 (Groundball, 4, EV 85.6 MPH)
|
|
Pinch Hitting: RHB Vinny Estrada
|
0-0: Ball 1-0: Called Strike 1-1: Foul Ball, location: 2F 1-2: Strikes out looking
|
|
Pinch Hitting: RHB Jose Morrissey
|
0-0: SINGLE (Line Drive, 3D, EV 99.4 MPH)
|
|
Pinch Hitting: RHB Sadataka Kuwahara
|
0-0: Called Strike 0-1: Ball 1-1: Swinging Strike 1-2: Ball 2-2: Strikes out looking
|
| Top of the 6th over - 0 runs, 1 hit, 0 errors, 1 left on base; Milwaukee 0 - New York 5 |
| BOTTOM OF THE 6TH |
|
New York Mets batting - Pitching for Milwaukee Brewers : RHP Jeff Swomley
|
|
Pitching: RHP Jeff Urry
|
|
|
Now at 1B: Jose Morrissey
|
|
|
Now at 2B: Sadataka Kuwahara
|
|
|
Now in CF: Vinny Estrada
|
|
|
Batting: RHB Billy Walker
|
0-0: Called Strike 0-1: DOUBLE (Line Drive, 7LS, EV 110.0 MPH)
|
|
Batting: LHB Chris Ringwood
|
0-0: Called Strike 0-1: Fly out, F8 (Flyball, 8LM, EV 85.6 MPH)
|
|
Batting: LHB Kevin Bellman
|
0-0: Fly out, F8 (Flyball, 8RM, EV 67.5 MPH)
|
|
Batting: SHB Jason Larson
|
0-0: Swinging Strike 0-1: Foul Ball, location: 2F 0-2: Strikes out swinging
|
| Bottom of the 6th over - 0 runs, 1 hit, 0 errors, 1 left on base; Milwaukee 0 - New York 5 |
| TOP OF THE 7TH |
|
Milwaukee Brewers batting - Pitching for New York Mets : RHP Brian Wood
|
|
Pitching: RHP Ben Dicks
|
|
|
Now at 2B: Jordan Fairburn
|
|
|
Batting: LHB Eric Klasek
|
0-0: Called Strike 0-1: Called Strike 0-2: Foul Ball, location: 2F 0-2: Ball 1-2: Hit by Pitch
|
|
Batting: RHB Adrian Rudkilde
|
0-0: Called Strike 0-1: Foul Ball, location: 2F 0-2: Ball 1-2: Ball 2-2: SINGLE (Groundball, 56D, EV 97.5 MPH) Eric Klasek to second
|
|
Batting: RHB Ben Campbell
|
0-0: Called Strike 0-1: Ball 1-1: Foul Ball, location: 2F 1-2: Ball 2-2: Strikes out swinging
|
|
Pinch Hitting: LHB Jason Peck
|
0-0: Ball 1-0: Swinging Strike 1-1: Fly out, F8 (Line Drive, 8RM, EV 89.4 MPH)
|
|
Batting: LHB Gabe Harvey
|
0-0: Swinging Strike 0-1: Ball 1-1: Ground out 4-3 (Groundball, 4, EV 81.2 MPH)
|
| Top of the 7th over - 0 runs, 1 hit, 0 errors, 2 left on base; Milwaukee 0 - New York 5 |
| BOTTOM OF THE 7TH |
|
New York Mets batting - Pitching for Milwaukee Brewers : RHP Jeff Urry
|
|
Pitching: RHP Junzo Yanagisawa
|
|
|
Now at SS: Jason Peck
|
|
|
Batting: SHB Roberto Magne
|
0-0: Ball 1-0: Foul Ball, location: 2F 1-1: Ground out 4-3 (Groundball, 4D, EV 100.0 MPH)
|
|
Batting: LHB Fabiano Perrolas
|
0-0: Called Strike 0-1: Foul Ball, location: 2F 0-2: Ball 1-2: Ball 2-2: Strikes out swinging
|
|
Batting: RHB Jordan Fairburn
|
0-0: Called Strike 0-1: Swinging Strike 0-2: Ball 1-2: Strikes out swinging
|
| Bottom of the 7th over - 0 runs, 0 hits, 0 errors, 0 left on base; Milwaukee 0 - New York 5 |
| TOP OF THE 8TH |
|
Milwaukee Brewers batting - Pitching for New York Mets : RHP Ben Dicks
|
|
Pitching: LHP Jonathan Gendron
|
|
|
Batting: LHB Alfredo de la Cruz
|
0-0: Foul Ball, location: 2F 0-1: Ball 1-1: Called Strike 1-2: Foul Ball, location: 2F 1-2: Ball 2-2: Ball 3-2: Base on Balls
|
|
Batting: RHB Vinny Estrada
|
0-0: Ball 1-0: Ball 2-0: Grounds into double play, 4-6-3 (Groundball, 4, EV 105.6 MPH)
|
|
Batting: RHB Jose Morrissey
|
0-0: Ball 1-0: Ground out 6-3 (Groundball, 6M, EV 92.5 MPH)
|
| Top of the 8th over - 0 runs, 0 hits, 0 errors, 0 left on base; Milwaukee 0 - New York 5 |
| BOTTOM OF THE 8TH |
|
New York Mets batting - Pitching for Milwaukee Brewers : RHP Junzo Yanagisawa
|
|
Batting: RHB Antonio Aranda
|
0-0: Called Strike 0-1: Ball 1-1: Ground out 6-3 (Groundball, 6, EV 113.1 MPH)
|
|
Batting: RHB Mike Phillips
|
0-0: Called Strike 0-1: Ball 1-1: Ball 2-1: Swinging Strike 2-2: Strikes out swinging
|
|
Batting: RHB Billy Walker
|
0-0: Swinging Strike 0-1: Ground out 6-3 (Groundball, 6, EV 76.9 MPH)
|
| Bottom of the 8th over - 0 runs, 0 hits, 0 errors, 0 left on base; Milwaukee 0 - New York 5 |
| TOP OF THE 9TH |
|
Milwaukee Brewers batting - Pitching for New York Mets : LHP Jonathan Gendron
|
|
Pitching: RHP Hugo Valentin
|
|
|
Batting: RHB Sadataka Kuwahara
|
0-0: Ball 1-0: Swinging Strike 1-1: Called Strike 1-2: Ground out U3 (Groundball, 23, EV 81.9 MPH)
|
|
Batting: LHB Eric Klasek
|
0-0: Called Strike 0-1: Ball 1-1: Ball 2-1: DOUBLE (Groundball, 3L, EV 100.0 MPH)
|
|
Batting: RHB Adrian Rudkilde
|
0-0: Ground out 1-3 (Groundball, 15S, EV 69.4 MPH)
|
|
Pinch Hitting: RHB Naofumi Ishida
|
0-0: Fly out, F9 (Flyball, 89M, EV 93.8 MPH)
|
| Top of the 9th over - 0 runs, 1 hit, 0 errors, 1 left on base; Milwaukee 0 - New York 5 |
|